[Event "*** Titled Tuesday Blitz"]
[Site "Chess.com"]
[Date "2020.10.20"]
[Round "4"]
[White "Artyom_ChessMate"]
[Black "VitaliyBernadskiy"]
[Result "0-1"]
[WhiteElo "2511"]
[BlackElo "2786"]
[TimeControl "180+1"]
[EndTime "10:40:31 PDT"]
[Termination "VitaliyBernadskiy won by resignation"]

1. e4 e5 2. Nf3 Nc6 3. Bb5 g6 4. d4 exd4 5. c3 a6 6. Bc4 Bg7 7. cxd4 d6 8. Nc3 Nf6 9. O-O O-O 10. h3 Nxe4 11. Nxe4 d5 12. Bg5 f6 13. Nxf6+ Bxf6 14. Bxf6 Rxf6 15. Bb3 Be6 16. Ne5 Nxe5 17. dxe5 Rf7 18. Rc1 Rc8 19. Qd4 c6 20. f4 Qh4 21.
Rf3 Rcf8 22. Rcf1 g5 23. Bc2 gxf4 24. g3 Rg7 25. g4 Bxg4 26. R3f2 Bxh3+ 0-1

[Event "*** Titled Tuesday Blitz"]
[Site "Chess.com"]
[Date "2020.10.20"]
[Round "4"]
[White "Orest_Vovk"]
[Black "Oneofmyturns"]
[Result "1-0"]
[WhiteElo "2488"]
[BlackElo "2693"]
[TimeControl "180+1"]
[EndTime "10:40:32 PDT"]
[Termination "Orest_Vovk won by resignation"]

1. h3 d5 2. e4 dxe4 3. Nc3 Bf5 4. Qe2 c6 5. Nxe4 e6 6. Nf3 Nd7 7. d3 Qb6 8. g4 Bg6 9. Bg2 Be7 10. O-O Ngf6 11.
Be3 Qc7 12. Nxf6+ Nxf6 13. Bd4 O-O 14. Be5 Qb6 15. c3 Nd5 16. d4 a5 17. a4 Rfe8 18. Bg3 h6 19. Ne5 Bh7 20. Nd7 Qd8 21. Ne5 Bd6 22. f4 f6 23. Nd3 Qc7 24. Rae1 Bxd3 25.
Qxd3 Nxf4 26. Bxf4 Bxf4 27. Qg6 Bd6 28. Rxf6 Rf8 29.
Rfxe6 Rad8 30. Be4 Rf4 31. Qh7+ Kf7 32. Bg6+ 1-0

[Event "*** Titled Tuesday Blitz"]
[Site "Chess.com"]
[Date "2020.10.20"]
[Round "4"]
[White "vaishali2001"]
[Black "FredyMatsuura"]
[Result "0-1"]
[WhiteElo "2582"]
[BlackElo "2396"]
[TimeControl "180+1"]
[EndTime "10:40:35 PDT"]
[Termination "FredyMatsuura won on time"]

1. d4 d5 2. Bf4 Bf5 3. e3 e6 4.
Nf3 Bd6 5. Bxd6 Qxd6 6. Nbd2 h6 7. c4 c6 8. Qb3 Qc7 9. Rc1 Qb6 10. Qa3 Nf6 11.
Be2 Nbd7 12. O-O Qd8 13. Qb4 Rb8 14. Qa3 a6 15. c5 O-O 16. b4 Qe7 17. Qb2 Ne4 18.
a4 Rfe8 19. b5 axb5 20. axb5 Nxd2 21. Qxd2 e5 22. b6 exd4 23. Qxd4 Ra8 24. Qf4 Be4 25. Qc7 Rab8 26. Nd4 Rec8 27. Qg3 Nxc5 28. Bg4 Re8 29. Bf5 Na4 30. Bxe4 Qxe4 31. Rb1 Nc3 32. Rb2 c5 33. Nb3 Rbc8 0-1

[Event "*** Titled Tuesday Blitz"]
[Site "Chess.com"]
[Date "2020.10.20"]
[Round "4"]
[White "Chamal_Gedgafov"]
[Black "juancruzarias"]
[Result "0-1"]
[WhiteElo "2168"]
[BlackElo "2550"]
[TimeControl "180+1"]
[EndTime "10:40:36 PDT"]
[Termination "juancruzarias won on time"]

1. d4 Nf6 2. c4 c5 3. d5 e5 4. Nc3 d6 5. e4 Nbd7 6. Nf3 Be7 7.
Be2 O-O 8. h3 Ne8 9. Be3 g6 10. g4 Ng7 11. Qd2 f5 12. gxf5 gxf5 13. Bh6 f4 14. Rg1 Bf6 15. Ng5 Nb6 16. O-O-O Qe7 17.
b3 Kh8 18. Bg4 Bxg5 19. Bxg5 Qxg5 20. Bxc8 Qe7 21. Bg4 Nd7 22. Bf3 Nf6 23. Rg2 Rg8 24. Rdg1 Ngh5 25. Bxh5 Nxh5 26. Qe2 Nf6 27. Qf3 Rxg2 28.
Rxg2 a6 29. Rg5 Nxd5 30. Nxd5 Qxg5 31. Kd2 Rg8 32. b4 cxb4 33. c5 dxc5 34. Qd3 f3+ 35.
Kc2 Qg2 36. Qe3 c4 37. Qb6 Qg6 38. Qc7 Qxe4+ 0-1

[Event "*** Titled Tuesday Blitz"]
[Site "Chess.com"]
[Date "2020.10.20"]
[Round "4"]
[White "Markov_Mikhail"]
[Black "Sychev_Klementy"]
[Result "0-1"]
[WhiteElo "2675"]
[BlackElo "2877"]
[TimeControl "180+1"]
[EndTime "10:40:37 PDT"]
[Termination "Sychev_Klementy won by resignation"]

1. c4 e6 2. Nf3 d5 3. g3 Nf6 4.
Bg2 Be7 5. O-O O-O 6. d4 dxc4 7. Nbd2 b5 8. a4 c6 9. Qc2 Bb7 10. b3 cxb3 11. Nxb3 Nbd7 12. Rd1 a5 13. Ne5 Nxe5 14.
dxe5 Nd5 15. Bb2 bxa4 16. Nc5 Qc8 17. Nxa4 Ba6 18. Bf3 Rb8 19. Bd4 Rb4 20. Nc5 Rc4 21.
Qxc4 Bxc4 22. Rxa5 Qc7 23. Rda1 Rb8 24. Ra7 Rb1+ 25.
Kg2 Rxa1 26. Rxc7 Nxc7 27. Bxa1 Bxc5 28. Bxc6 Bxe2 29. f4 Bc4 30. Ba4 Nd5 31. g4 Ne3+ 32. Kf3 Bd5+ 33. Kg3 Nf1+ 34. Kh4 Nxh2 35. f5 Nf3+ 36.
Kg3 Bd4 0-1

[Event "*** Titled Tuesday Blitz"]
[Site "Chess.com"]
[Date "2020.10.20"]
[Round "4"]
[White "oneshot007"]
[Black "TomiLen"]
[Result "0-1"]
[WhiteElo "2321"]
[BlackElo "2608"]
[TimeControl "180+1"]
[EndTime "10:40:37 PDT"]
[Termination "TomiLen won on time"]

1. e4 e6 2. d4 d5 3. Nc3 Nf6 4. e5 Nfd7 5. Nce2 c5 6. c3 Nc6 7. Nf3 a5 8. a3 b5 9. Nf4 Ba6 10. h4 Be7 11. Ng5 Qb6 12. Be3 g6 13. Qf3 Bxg5 14. hxg5 cxd4 15. cxd4 b4 16. Bxa6 Qxa6 17. Rc1 bxa3 18. bxa3 Ne7 19. g4 Nb6 20. Rc7 Rc8 21.
Rxc8+ Nexc8 22. Qd1 Ne7 23. Rh6 Nc4 24. Qa4+ Nc6 25. Rh3 O-O 26. Qc2 Rb8 27. Nxg6 fxg6 0-1

[Event "*** Titled Tuesday Blitz"]
[Site "Chess.com"]
[Date "2020.10.20"]
[Round "4"]
[White "Pavalamalli"]
[Black "Piotrek1979"]
[Result "1-0"]
[WhiteElo "2292"]
[BlackElo "2408"]
[TimeControl "180+1"]
[EndTime "10:40:38 PDT"]
[Termination "Pavalamalli won on time"]

1. b3 d5 2. Bb2 Nf6 3. g3 Bf5 4. Bg2 e6 5. Nf3 h6 6. O-O Be7 7. d3 O-O 8. Nbd2 Bh7 9. Re1 c5 10. e4 Nc6 11. e5 Nd7 12. Nf1 b5 13. Ne3 a5 14. Ng4 a4 15. h4 a3 16. Bc1 h5 17.
Ngh2 b4 18. Bf4 Rc8 19. Ng5 Bg6 20. Bf3 Bxg5 21. hxg5 Qe8 22. Bxh5 f5 23. Bxg6 Qxg6 24. Nf3 Nd4 25. Nh4 Qh7 26. g6 Qh8 27. Kg2 Rfe8 28.
Rh1 Nf8 29. Nf3 Nxg6 30. Rxh8+ Nxh8 31. Ng5 Nf7 32. Qh5 Nxg5 33. Bxg5 f4 34. Rh1 f3+ 35. Kf1 Rf8 36. Qh7+ Kf7 37. Bf6 Rg8 38. Rh6 Nf5 39. Qg6+ Kf8 40. Rh7 1-0

[Event "*** Titled Tuesday Blitz"]
[Site "Chess.com"]
[Date "2020.10.20"]
[Round "4"]
[White "elegant285"]
[Black "MPGM"]
[Result "0-1"]
[WhiteElo "2305"]
[BlackElo "2447"]
[TimeControl "180+1"]
[EndTime "10:40:39 PDT"]
[Termination "MPGM won by resignation"]

1. d4 f5 2. Bg5 h6 3. Bh4 g5 4. e3 Nf6 5. Bg3 Bg7 6. h4 g4 7.
Ne2 Nh5 8. Nbc3 d6 9. Nd5 O-O 10. Ndf4 Nxg3 11. Nxg3 e5 12. Bc4+ Kh7 13. Ne6 Bxe6 14.
Bxe6 f4 15. Nh5 g3 16. fxg3 fxe3 17. Qd3+ Kh8 18. Qg6 Qe7 19. dxe5 Nc6 20. exd6 cxd6 21. c3 Ne5 22. Qxg7+ Qxg7 23. Nxg7 Kxg7 24. Ke2 Rf2+ 25.
Kxe3 Rxg2 26. b4 Re8 27. Bd5 Rxg3+ 28. Kf2 Rxc3 29. Rac1 Nd3+ 0-1

[Event "*** Titled Tuesday Blitz"]
[Site "Chess.com"]
[Date "2020.10.20"]
[Round "4"]
[White "Mikhail_Golubev"]
[Black "GukeshDommaraju"]
[Result "0-1"]
[WhiteElo "2525"]
[BlackElo "2826"]
[TimeControl "180+1"]
[EndTime "10:40:41 PDT"]
[Termination "GukeshDommaraju won on time"]

1. e4 d5 2. exd5 Nf6 3. Nf3 Bg4 4. Bb5+ Nbd7 5. Nc3 a6 6. Ba4 b5 7. Bb3 Nc5 8. h3 Bh5 9. g4 Bg6 10. Ne5 Qd6 11.
d4 Nxb3 12. axb3 b4 13. Na4 Qxd5 14. O-O e6 15. c4 bxc3 16. bxc3 Be7 17. c4 Qb7 18.
Nc5 Bxc5 19. dxc5 O-O 20. Nxg6 hxg6 21. Bf4 Rfd8 22. Qe2 Qxb3 23. Bxc7 Rdc8 24. Bd6 Qxh3 25. f3 Ne8 26. Rfd1 Nxd6 27. cxd6 Qg3+ 0-1

[Event "*** Titled Tuesday Blitz"]
[Site "Chess.com"]
[Date "2020.10.20"]
[Round "4"]
[White "Agoking701"]
[Black "szachuspl"]
[Result "0-1"]
[WhiteElo "2341"]
[BlackElo "2523"]
[TimeControl "180+1"]
[EndTime "10:40:42 PDT"]
[Termination "szachuspl won by resignation"]

1. e4 c5 2. Nf3 a6 3. c4 Nc6 4. Nc3 e5 5. d3 d6 6. Be2 Nf6 7. O-O g6 8. Ne1 Bg7 9. f4 exf4 10. Bxf4 O-O 11. Nf3 Ng4 12. Kh1 h6 13. Qd2 Kh7 14. Rae1 Be6 15. h3 Nge5 16. Nd5 b5 17. b3 Bxd5 18. cxd5 Nxf3 19. Bxf3 Ne5 20. Be2 Qe7 21. Rf2 Rac8 22. Ref1 Rc7 23. Qe3 Rcc8 24. g4 Rce8 25. Qg3 g5 26. Bc1 Ng6 27. Rf5 Be5 28. Qf2 f6 29.
Bd1 Kg7 30. Bc2 Nh4 31. Be3 Nxf5 32. gxf5 Bd4 33. Bxd4 cxd4 34. Qxd4 Qe5 35. Qxe5 Rxe5 36. d4 Re7 37. Bb1 Rc8 38. Kg2 Rc3 39. Rd1 b4 40.
Bd3 a5 41. Rd2 h5 42. Kf2 h4 43. Kg2 Kf7 44. Kf2 Rec7 45. Kg2 Rc1 46. Bc4 Re1 47. Kf3 Ke8 48. Re2 Rxe2 49. Kxe2 g4 50. hxg4 h3 51. Kf2 h2 52. Kg2 Rxc4 53. bxc4 a4 54.
e5 h1=Q+ 55. Kxh1 b3 56. exf6 b2 57. Kg2 b1=Q 58. g5 Qxf5 0-1

[Event "*** Titled Tuesday Blitz"]
[Site "Chess.com"]
[Date "2020.10.20"]
[Round "4"]
[White "ChristopherYoo"]
[Black "Sven_Tica"]
[Result "1-0"]
[WhiteElo "2839"]
[BlackElo "2660"]
[TimeControl "180+1"]
[EndTime "10:40:43 PDT"]
[Termination "ChristopherYoo won by resignation"]

1. Nf3 d5 2. c4 e6 3. d4 Nf6 4. Nc3 Nbd7 5. Qd3 Bb4 6. a3 Bxc3+ 7. Qxc3 O-O 8. g3 b6 9. Bg2 Bb7 10. O-O h6 11. Rd1 Ne4 12. Qc2 Rc8 13. Bf4 Qe7 14.
Rac1 Rfd8 15. cxd5 exd5 16. Bxc7 Re8 17. Qd3 Ndf6 18. Bf4 Ng4 19. Be3 Nd6 20. Ne5 Rxc1 21. Bxc1 Nxe5 22. dxe5 Ne4 23. Bf4 g5 24. Be3 Qxe5 25.
Bd4 Qe6 26. Rc1 Rc8 27. Rxc8+ Bxc8 28. Qc2 Bb7 29. Qc7 Qc8 30. Qe5 Qc1+ 31. Bf1 Kf8 32. Qb8+ Bc8 33. Bc3 Nxc3 34. Qxc8+ 1-0

[Event "*** Titled Tuesday Blitz"]
[Site "Chess.com"]
[Date "2020.10.20"]
[Round "4"]
[White "CakeinSpace2002"]
[Black "AliKa2810"]
[Result "0-1"]
[WhiteElo "2295"]
[BlackElo "2605"]
[TimeControl "180+1"]
[EndTime "10:40:43 PDT"]
[Termination "AliKa2810 won by resignation"]

1. e4 e6 2. d4 d5 3. Nc3 Nf6 4. e5 Nfd7 5. Nce2 c5 6. c3 Nc6 7.
Nf3 b6 8. Nf4 a5 9. a4 Ba6 10.
Bb5 Bxb5 11. axb5 Na7 12. Qe2 c4 13. O-O Nxb5 14. h4 Be7 15. Nh5 O-O 16. g3 Nc7 17.
Ng5 h6 18. Qg4 hxg5 19. hxg5 g6 20. Nf6+ Kg7 21. Bf4 Rh8 22. Kg2 Ne8 23. Rh1 Nexf6 24.
gxf6+ Nxf6 25. exf6+ Bxf6 26. Rxh8 Qxh8 27. Rh1 Qc8 28.
Bh6+ Kg8 29. Qh3 e5 30. g4 exd4 31. cxd4 Qe6 32. Bf4 Qe4+ 33. f3 Qxf4 34. Qh7+ Kf8 0-1

[Event "*** Titled Tuesday Blitz"]
[Site "Chess.com"]
[Date "2020.10.20"]
[Round "4"]
[White "MuhittinBuker"]
[Black "JuliaEfremova"]
[Result "1-0"]
[WhiteElo "2100"]
[BlackElo "2298"]
[TimeControl "180+1"]
[EndTime "10:40:44 PDT"]
[Termination "MuhittinBuker won by resignation"]

1. d4 e5 2. dxe5 Nc6 3. Nf3 Qe7 4. e4 Nxe5 5. Be2 d6 6. O-O g6 7. c4 Bg7 8. Nc3 c6 9. h3 Be6 10. Nxe5 dxe5 11. Be3 Nf6 12. Qc2 O-O 13. Rad1 Qb4 14. a3 Qe7 15. c5 Rfd8 16. Rxd8+ Rxd8 17. Rd1 Rxd1+ 18. Qxd1 Nd7 19. b4 f5 20. f3 f4 21.
Bf2 h5 22. Na4 Qf7 23. Nb2 g5 24. Qd6 Bf8 25. Qc7 Nf6 26. Qxe5 Nh7 27. Bd4 Bg7 28.
Qb8+ Nf8 29. Qd6 Bxd4+ 30. Qxd4 Qg7 31. Qxg7+ Kxg7 32. Bc4 Kf6 33. Bxe6 Nxe6 34. Nc4 Nd4 35. Na5 Nc2 36. Nxb7 Ke6 37. Na5 Nxa3 38. Nxc6 Nc2 39. b5 Kd7 40. Nxa7 Nd4 41. b6 Nb3 42. c6+ Kd8 43.
c7+ 1-0

[Event "*** Titled Tuesday Blitz"]
[Site "Chess.com"]
[Date "2020.10.20"]
[Round "4"]
[White "Harsha_Bharathakoti"]
[Black "enriquetejedor"]
[Result "1-0"]
[WhiteElo "2777"]
[BlackElo "2478"]
[TimeControl "180+1"]
[EndTime "10:40:45 PDT"]
[Termination "Harsha_Bharathakoti won on time"]

1. c4 e6 2. Nc3 d5 3. d4 Nf6 4. cxd5 exd5 5. Bg5 c6 6. Qc2 Nbd7 7. e3 Be7 8. Bd3 Nf8 9. Nge2 Ne6 10. Bh4 g6 11.
O-O O-O 12. f3 c5 13. Qd2 b6 14. Rad1 Bb7 15. Bf2 Rc8 16. Bc2 a6 17. Nf4 Nxf4 18. exf4 cxd4 19. Bxd4 Bc5 20. Bb3 Qd7 21. Kh1 Nh5 22.
Bxc5 Rxc5 23. Bxd5 Rd8 24. Bxf7+ Qxf7 25. Qxd8+ Qf8 26. Qxb6 Rf5 27. Rd8 Rxf4 28. Rxf8+ 1-0

[Event "*** Titled Tuesday Blitz"]
[Site "Chess.com"]
[Date "2020.10.20"]
[Round "4"]
[White "crazy_but_lazy"]
[Black "1stSecond"]
[Result "0-1"]
[WhiteElo "2471"]
[BlackElo "2774"]
[TimeControl "180+1"]
[EndTime "10:40:45 PDT"]
[Termination "1stSecond won by resignation"]

1. d4 Nf6 2. c4 c5 3. d5 e6 4. Nc3 exd5 5. cxd5 g6 6. Nf3 d6 7. Bf4 a6 8. a4 Bg7 9. e3 O-O 10. h3 Ne8 11. Be2 Nd7 12. O-O Qe7 13. Nd2 Rb8 14.
Nc4 f5 15. Re1 g5 16. Bh2 Ne5 17. Qd2 Nxc4 18. Bxc4 Bd7 19. a5 Kh8 20. Rab1 b5 21. axb6 Rxb6 22. b3 Nc7 23. Na4 Bxa4 24. bxa4 Rfb8 25.
Rxb6 Rxb6 26. Qa5 Rb7 27. Bg3 h5 28. h4 gxh4 29. Bf4 Be5 30. Kh2 Rb4 31. Bxe5+ Qxe5+ 32. f4 Qg7 33. Bxa6 Qg3+ 34. Kh1 Qxe1+ 0-1

[Event "*** Titled Tuesday Blitz"]
[Site "Chess.com"]
[Date "2020.10.20"]
[Round "4"]
[White "AungTZ"]
[Black "ikhasu"]
[Result "0-1"]
[WhiteElo "2138"]
[BlackElo "2418"]
[TimeControl "180+1"]
[EndTime "10:40:45 PDT"]
[Termination "ikhasu won by resignation"]

1. c4 Nf6 2. Nc3 d5 3. cxd5 Nxd5 4. Nf3 c5 5. d3 Nc6 6. g3 e5 7. Bg2 Nc7 8. O-O Be7 9. a3 O-O 10. Bd2 Be6 11. Ne4 f6 12. Rc1 Na6 13. Qa4 Kh8 14. Rfd1 Qb6 15. Qc2 Bb3 16. Qb1 Bxd1 17. Rxd1 Nd4 18. e3 Nxf3+ 19. Bxf3 Rfd8 20. Bc3 Rac8 21. Nd2 Qc7 22. Bg4 Rb8 23. e4 b5 24. Nf1 b4 25.
axb4 cxb4 26. Be1 b3 27. Ne3 Nb4 28. Be6 Bc5 29. Nd5 Nxd5 30. Bxd5 Bd4 31. Kg2 Qc2 32. Qa1 Bxb2 33. Qxa7 Qxd1 0-1

[Event "*** Titled Tuesday Blitz"]
[Site "Chess.com"]
[Date "2020.10.20"]
[Round "4"]
[White "RobertoJBM"]
[Black "chesstrainer2042"]
[Result "1-0"]
[WhiteElo "2697"]
[BlackElo "2460"]
[TimeControl "180+1"]
[EndTime "10:40:46 PDT"]
[Termination "RobertoJBM won by resignation"]

1. d4 Nf6 2. c4 e6 3. Nc3 Bb4 4. Qc2 O-O 5. a3 Bxc3+ 6. Qxc3 d5 7. Bg5 dxc4 8. Qxc4 b6 9. Nf3 Ba6 10. Qa4 Qd7 11.
Qxd7 Nbxd7 12. Rc1 Rac8 13. e3 Bxf1 14. Rxf1 c5 15.
Bxf6 gxf6 16. Ke2 c4 17. e4 b5 18. Rfd1 Nb6 19. Rc2 Rc7 20. Ke3 a6 21. Nd2 Rfc8 22.
Nb1 f5 23. exf5 exf5 24. Nc3 Kg7 25. d5 Kf6 26. Rd4 Re7+ 27. Kf4 Rg8 28. f3 Rd8 29. Rcd2 Rd6 30. g4 fxg4 31. Ne4+ Rxe4+ 32. fxe4 Ke7 33. e5 Rh6 34. Kxg4 Na4 35. d6+ Kd7 36. Rf4 Rg6+ 37. Kh5 Rg7 38. Kh6 1-0

[Event "*** Titled Tuesday Blitz"]
[Site "Chess.com"]
[Date "2020.10.20"]
[Round "4"]
[White "keepitcoming"]
[Black "Arfan48"]
[Result "1-0"]
[WhiteElo "2627"]
[BlackElo "2374"]
[TimeControl "180+1"]
[EndTime "10:40:46 PDT"]
[Termination "keepitcoming won by resignation"]

1. d4 Nf6 2. c4 g6 3. Nc3 Bg7 4. e4 d6 5. f3 O-O 6. Nge2 a6 7. a4 a5 8. Ng3 Na6 9. Be2 c6 10. O-O Nb4 11. Bg5 Qc7 12. Qd2 e5 13. d5 Re8 14.
Rad1 cxd5 15. cxd5 Nd7 16. Be3 b6 17. Nb5 Qb8 18. Bh6 Nc5 19. Bxg7 Kxg7 20. Qg5 Bd7 21. Nh5+ Kf8 22. Nf6 Rd8 23. Qh6+ Ke7 24. Nxh7 Rh8 25. Qg5+ Ke8 26. Nf6+ Kf8 27. f4 Bxb5 28. Bxb5 Kg7 29.
fxe5 dxe5 30. d6 Ne6 31. Qxe5 Kh6 32. Ng4+ 1-0

[Event "*** Titled Tuesday Blitz"]
[Site "Chess.com"]
[Date "2020.10.20"]
[Round "4"]
[White "nikitakhoroshev"]
[Black "Ural_bogatyr"]
[Result "1-0"]
[WhiteElo "2568"]
[BlackElo "2376"]
[TimeControl "180+1"]
[EndTime "10:40:46 PDT"]
[Termination "nikitakhoroshev won by resignation"]

1. Nf3 d5 2. d3 Nd7 3. Nbd2 e5 4. e4 c6 5. Be2 Ngf6 6. O-O Bd6 7. c3 O-O 8. Qc2 Re8 9. a4 Nf8 10. Re1 Ng6 11. Bf1 a5 12. g3 h5 13. h4 Ng4 14.
Bg2 Bc5 15. d4 exd4 16. cxd4 Bb6 17. e5 Ne7 18. Nb3 Bf5 19. Qe2 Be4 20. Bg5 Qc7 21. Bxe7 Qxe7 22. Qd2 f6 23. exf6 Qxf6 24. Ng5 Bxg2 25.
Kxg2 Rf8 26. f3 Nh6 27. Re6 Qf5 28. Re5 Qf6 29. Qd3 Nf5 30. Rae1 Bc7 31. Re6 Qd8 32. f4 Qc8 33. Qe2 Bd8 34. Qxh5 Bxg5 35. Qxg5 c5 36. Nxc5 Nxd4 37. Re7 Nf5 38. Ne6 Qc2+ 39. Kh3 Rf7 40. Rxf7 Kxf7 41. Nd4 Nxd4 42. Re7+ 1-0

[Event "*** Titled Tuesday Blitz"]
[Site "Chess.com"]
[Date "2020.10.20"]
[Round "4"]
[White "RU_B9"]
[Black "coco_crc"]
[Result "0-1"]
[WhiteElo "1775"]
[BlackElo "2178"]
[TimeControl "180+1"]
[EndTime "10:40:47 PDT"]
[Termination "coco_crc won on time"]

1. c4 e6 2. Nc3 d5 3. e3 Nf6 4.
Nf3 Be7 5. b3 O-O 6. Bb2 b6 7.
Qc2 Bb7 8. d4 Nbd7 9. Bd3 c5 10.
cxd5 exd5 11. O-O Rc8 12. Rac1 Re8 13. Rfd1 Qc7 14. Bf5 g6 15. Bh3 Rcd8 16. Nb5 Qb8 17. dxc5 Nxc5 18. Be5 Bd6 19. Bxd6 Rxd6 20. Nxd6 Qxd6 21.
g3 Nce4 22. Bg2 Re7 23. Qd3 h5 24. Rc2 Ng4 25. Rcd2 Qf6 26. Qd4 Qf5 27. Nh4 Qe6 28. h3 Ne5 29. Kh2 Nf6 30. Nf3 Nc6 31. Qb2 Nb4 32. Nd4 Qd6 33. a3 Na6 34. b4 Nc7 35. Rc1 Ne6 36. Rdc2 Ng5 37. Nb5 Qe6 0-1

[Event "*** Titled Tuesday Blitz"]
[Site "Chess.com"]
[Date "2020.10.20"]
[Round "4"]
[White "GregShahade"]
[Black "dennisodessa"]
[Result "1-0"]
[WhiteElo "2655"]
[BlackElo "2425"]
[TimeControl "180+1"]
[EndTime "10:40:48 PDT"]
[Termination "GregShahade won by checkmate"]

1. e4 e6 2. d4 d5 3. Nd2 Nf6 4. e5 Nfd7 5. c3 c5 6. Bd3 Nc6 7. Ne2 cxd4 8. cxd4 f6 9. exf6 Qxf6 10. Nf3 h6 11.
O-O Bd6 12. Be3 O-O 13. Rc1 Rd8 14. Bb1 Nf8 15. Qd2 Bd7 16. Bf4 Be8 17. Bxd6 Rxd6 18. Nf4 Rd7 19. Rfe1 g5 20. Nd3 Nxd4 21. Nfe5 Rg7 22.
Ng4 Qe7 23. Nxh6+ Kh8 24. Ne5 Nc6 25. Nxc6 bxc6 26. Nf5 Qf6 27. Nxg7 Kxg7 28. Qc3 Rb8 29. b3 Qxc3 30. Rxc3 Rc8 31. b4 Bg6 32. Bxg6 Kxg6 33. Rc5 Nd7 34. Rxe6+ Kf5 35. Rexc6 Nxc5 36. Rxc8 Nd3 37.
b5 Nb4 38. Rc7 d4 39. Rxa7 d3 40. Rd7 Ke6 41. Rd4 Nxa2 42. Rxd3 Nb4 43. Rg3 Nd5 44. Rxg5 Kd6 45. h4 Kc5 46. Rxd5+ Kxd5 47. h5 Kc5 48. h6 Kxb5 49. h7 Kc5 50. h8=Q Kd5 51. Qh3 Kc4 52. Qf3 Kd4 53. g4 Kc4 54. g5 Kd4 55. g6 Ke5 56. g7 Kd4 57. g8=Q Ke5 58. Qgd5# 1-0

[Event "*** Titled Tuesday Blitz"]
[Site "Chess.com"]
[Date "2020.10.20"]
[Round "4"]
[White "infinitegiantkiller"]
[Black "Evachess2006"]
[Result "1-0"]
[WhiteElo "2351"]
[BlackElo "1638"]
[TimeControl "180+1"]
[EndTime "10:40:48 PDT"]
[Termination "infinitegiantkiller won on time"]

1. d4 d5 2. c4 dxc4 3. Nc3 e6 4. e3 Nf6 5. Bxc4 Be7 6. Nf3 O-O 7. O-O b6 8. Be2 Bb7 9. Ne5 c5 10. Bf3 Qc7 11.
Bxb7 Qxb7 12. Qf3 Qxf3 13. Nxf3 cxd4 14. Nxd4 Bc5 15. Rd1 Nbd7 16. Nc6 Rfc8 17. b4 Rxc6 18. bxc5 Nxc5 19. Ba3 Rac8 20. Nb5 Ra8 21. Rac1 a6 22. Nd4 Rc7 23. Nb3 Rac8 24. Bxc5 bxc5 25. Rxc5 Rxc5 26. Nxc5 Nd5 27. Nxa6 Ra8 28. Rb1 Kf8 29. Rb8+ Rxb8 30. Nxb8 Nb6 31. Nc6 Ke8 32. Kf1 Kd7 33. Ne5+ Ke7 34.
Ke2 Kf6 35. Nc6 e5 36. Kd3 Ke6 37. Na5 f6 38. Nc4 Nd5 39. a4 Kd7 40. g3 Kc6 41. e4 Nb4+ 42. Kc3 Na6 43. Ne3 Nc7 44.
Kc4 1-0

[Event "*** Titled Tuesday Blitz"]
[Site "Chess.com"]
[Date "2020.10.20"]
[Round "4"]
[White "tptagain"]
[Black "MokshanovAlexey"]
[Result "1/2-1/2"]
[WhiteElo "2900"]
[BlackElo "2545"]
[TimeControl "180+1"]
[EndTime "10:40:49 PDT"]
[Termination "Game drawn by repetition"]

1. e4 e6 2. Nc3 d5 3. Nf3 Nf6 4. e5 Nfd7 5. d4 c5 6. Bb5 Nc6 7. O-O cxd4 8. Nxd4 Qb6 9. Be3 Nxd4 10. Bxd4 Bc5 11. Bxc5 Qxc5 12. Re1 O-O 13. Bxd7 Bxd7 14.
Ne2 a5 15. a4 b6 16. Nd4 Rac8 17. c3 h6 18. Re3 Qe7 19. f4 f5 20. Qh5 Qe8 21.
Qxe8 Rfxe8 22. Kf2 Kf7 23. Ke2 g5 24. g3 Rg8 25. Kd3 Ke7 26. b3 gxf4 27. gxf4 Rg4 28. Rf1 Rh4 29. h3 Rg8 30. Rff3 Rg2 31. Re2 Rg7 32. Ke3 Be8 33. Rh2 Bh5 34. b4 Bxf3 35. Kxf3 Kd7 36. Ne2 Kd8 37. Rh1 Kd7 38. Kf2 Kd8 39.
Kf3 Kd7 40. Rh2 Kd8 41. Rh1 1/2-1/2

[Event "*** Titled Tuesday Blitz"]
[Site "Chess.com"]
[Date "2020.10.20"]
[Round "4"]
[White "zajka-molotok"]
[Black "Gloomy_Wanderer"]
[Result "1-0"]
[WhiteElo "2496"]
[BlackElo "2702"]
[TimeControl "180+1"]
[EndTime "10:40:49 PDT"]
[Termination "zajka-molotok won by resignation"]

1. d4 Nf6 2. c4 e6 3. Nc3 Bb4 4. f3 c5 5. a3 Ba5 6. d5 O-O 7. e4 exd5 8. cxd5 d6 9. Bd3 Nh5 10.
Be3 f5 11. Ne2 f4 12. Bf2 Nd7 13. O-O Ne5 14. Rb1 Qg5 15. Kh1 Qh6 16. b4 cxb4 17. axb4 Bb6 18. Bxb6 axb6 19. Kg1 Bd7 20. Bb5 Bc8 21.
Na4 Qg5 22. Nxb6 Bh3 23. Rf2 Nxf3+ 24. Kh1 Bxg2+ 25. Rxg2 Qh6 26. Nxa8 Nh4 27. Rf2 f3 28. Nb6 Qe3 29. Qd4 1-0

[Event "*** Titled Tuesday Blitz"]
[Site "Chess.com"]
[Date "2020.10.20"]
[Round "4"]
[White "MF1966Idrisov"]
[Black "shnitez"]
[Result "1-0"]
[WhiteElo "2344"]
[BlackElo "2445"]
[TimeControl "180+1"]
[EndTime "10:40:49 PDT"]
[Termination "MF1966Idrisov won on time"]

1. Nf3 c5 2. b3 Nc6 3. Bb2 d6 4. d4 cxd4 5. Nxd4 e5 6. Nxc6 bxc6 7. g3 f6 8. Bg2 d5 9. O-O Be6 10. e3 Bb4 11. c4 Ne7 12. a3 Ba5 13. Qe2 O-O 14.
Bc3 Rb8 15. Bxa5 Qxa5 16. cxd5 cxd5 17. b4 Rxb4 18. axb4 Qxa1 19. Qb5 Rc8 20. Qb7 Kf7 21. f4 exf4 22. gxf4 g6 23. h4 Qb2 24. Qxa7 Rc1 25. Na3 Rxf1+ 26. Bxf1 Qxb4 27. Nb5 h5 28. Qc7 f5 29. Nd6+ Kf6 30. Qd8 Bf7 31. Kf2 Qb1 32. Qf8 Qa2+ 33. Be2 d4 34. exd4 Qd5 35. Nxf7 Qxf7 36.
Qh8+ Ke6 37. Bc4+ Nd5 38. Qe5+ 1-0

[Event "*** Titled Tuesday Blitz"]
[Site "Chess.com"]
[Date "2020.10.20"]
[Round "4"]
[White "JoliyRoger"]
[Black "Olga_Zhuravleva"]
[Result "0-1"]
[WhiteElo "2433"]
[BlackElo "2334"]
[TimeControl "180+1"]
[EndTime "10:40:49 PDT"]
[Termination "Olga_Zhuravleva won on time"]

1. Nf3 g6 2. d4 Bg7 3. c4 d6 4. Nc3 Nc6 5. h3 e5 6. d5 Nce7 7. e4 h6 8. Bd3 f5 9. Bd2 Nf6 10. Qc2 O-O 11. Nh4 f4 12. Nf3 g5 13. Be2 a6 14. Nh2 Ng6 15. Ng4 Nxg4 16. hxg4 Nh4 17. Bf3 h5 18. Rxh4 gxh4 19. gxh5 Qg5 20. Qd1 h3 21. gxh3 Bxh3 22. Ke2 Bg4 23. Kd3 Bxf3 24.
Qxf3 Kh8 25. Rh1 Bh6 26. Nd1 Rg8 27. Bc3 Qg2 28. Ke2 Qxf3+ 29. Kxf3 Rg5 30. c5 Rag8 31. b4 Bf8 32. Nb2 Rg1 33. Rh3 Rc1 34. Ke2 Rc2+ 35. Kd3 Rxf2 36. Nc4 Rg3+ 37. Rxg3 fxg3 0-1

[Event "*** Titled Tuesday Blitz"]
[Site "Chess.com"]
[Date "2020.10.20"]
[Round "4"]
[White "Kurai"]
[Black "GM_Levan_Pantsulaia"]
[Result "0-1"]
[WhiteElo "2590"]
[BlackElo "2858"]
[TimeControl "180+1"]
[EndTime "10:40:50 PDT"]
[Termination "GM_Levan_Pantsulaia won on time"]

1. d4 Nf6 2. c4 c5 3. d5 e6 4. Nc3 exd5 5. cxd5 d6 6. e4 g6 7. Nf3 a6 8. a4 Bg4 9. Be2 Bg7 10. O-O O-O 11.
Nd2 Bxe2 12. Qxe2 Nbd7 13. Nc4 Nb6 14. Ne3 Re8 15. f3 Nh5 16. a5 Nd7 17. Nc4 Bd4+ 18. Be3 Ne5 19. Nxe5 Bxe5 20. Ra4 f5 21. Qd2 Qd7 22.
Rc4 Rab8 23. exf5 gxf5 24. g4 Ng7 25. f4 Bxc3 26. Qxc3 b5 27. axb6 Rxb6 28. b4 Rxb4 29. Rxb4 cxb4 30. Qd3 a5 31. Bd4 Qe7 0-1

[Event "*** Titled Tuesday Blitz"]
[Site "Chess.com"]
[Date "2020.10.20"]
[Round "4"]
[White "Egorov_Pavel"]
[Black "Volodar_Murzin"]
[Result "0-1"]
[WhiteElo "2406"]
[BlackElo "2612"]
[TimeControl "180+1"]
[EndTime "10:40:51 PDT"]
[Termination "Volodar_Murzin won by resignation"]

1. d4 Nf6 2. c4 g6 3. Nc3 Bg7 4. e4 d6 5. Nf3 O-O 6. Be2 e5 7.
O-O Nc6 8. d5 Ne7 9. b4 Nh5 10.
Re1 f5 11. Ng5 Nf6 12. Bf3 c6 13. b5 fxe4 14. Ncxe4 cxd5 15. Nxf6+ Bxf6 16. Bxd5+ Nxd5 17. Qxd5+ Kg7 18. Ne6+ Bxe6 19. Qxe6 Qe7 20. Qxe7+ Bxe7 21. Ba3 Rac8 22. Rad1 Rf6 23. Re4 b6 24. g3 Kf7 25.
f4 exf4 26. Rde1 Bf8 27. gxf4 d5 28. R4e3 d4 29. Rd3 Rxf4 30. Bxf8 Kxf8 31. Ra3 Rf7 32. Ra4 d3 33. Rd1 Rd8 34. Rd2 Rd4 35. Ra3 Rg4+ 36. Rg2 Rxg2+ 37. Kxg2 Rd7 0-1